 Dungeon Crawl Stone Soup version 0.31-a0-263-ge8cad7f256 (webtiles) character file.

Game seed: 11611888010905245959

6946 lessens the Slicer (level 11, -7/60 HPs)
             Began as a Vine Stalker Warper on July 14, 2023.
             Was a Priest of Okawaru.
             Shot with a bolt by a tengu warrior (18 damage)
             ... on level 8 of the Dungeon.
             The game lasted 00:15:28 (7645 turns).

lessens the Slicer (Vine Stalker Warper)            Turns: 7645, Time: 00:15:29

Health: -7/60      AC: 10    Str: 15    XL:     11   Next: 7%
Magic:  0/15       EV: 35    Int: 20    God:    Okawaru [***...]
Gold:   443        SH:  6    Dex: 20    Spells: 14/14 levels left

rFire   . . .        b - +4 dagger
rCold   + . .        j - +0 buckler
rNeg    . . .        X - +0 steam dragon scales
rPois   .            s - +2 helmet of Viebiw {Int+7 Dex+3}
rElec   .            (no cloak)
rCorr   .            Q - +0 pair of gloves
SInv    .            (no boots)
Will    +....        x - amulet "Meoral" {Acrobat rC+}
Stlth   +++          (no ring)
HPRegen 1.10/turn    (no ring)
MPRegen 0.14/turn

%: acrobat, guardian spirit
@: heroic, acrobatic
A: fangs 3, regeneration 1, magic shield, antimagic bite, no potion heal 2
a: Renounce Religion, Heroism


You were on level 8 of the Dungeon.
You worshipped Okawaru.
Okawaru was most pleased with you.
You visited 2 branches of the dungeon, and saw 9 of its levels.

You collected 515 gold pieces.
You spent 72 gold pieces at shops.

Inventory:

Hand Weapons
 a - a +0 dagger of venom
 b - a +4 dagger (weapon)
 l - a +0 short sword
Missiles
 d - 7 boomerangs of dispersal (quivered)
 g - 64 stones
 y - 6 silver boomerangs
 F - 26 poisoned darts
 H - 10 boomerangs
 N - a throwing net
 T - 4 atropa-tipped darts
Armour
 j - a +0 buckler (worn)
 s - the +2 helmet of Viebiw (worn) {Int+7 Dex+3}
   (You found it on level 3 of the Dungeon)

   Int:       It affects your intelligence (+7).
   Dex:       It affects your dexterity (+3).
 Q - a +0 pair of gloves (worn)
 X - +0 steam dragon scales (worn)
Jewellery
 i - a ring of flight
 k - a ring of fire
 x - the amulet "Meoral" (around neck) {Acrobat rC+}
   (You found it on level 3 of the Dungeon)

   [amulet of the acrobat]

   It increases your evasion while moving and waiting.
   rC:        It protects you from cold.
 J - a ring of magical power
 L - a ring of poison resistance
 R - an amulet of magic regeneration
 U - a +6 ring of strength
Wands
 p - a wand of flame (15)
 I - a wand of light (7)
 K - a wand of mindburst (16)
 V - a wand of paralysis (11)
Scrolls
 c - a scroll of blinking
 e - a scroll of revelation {unknown}
 h - 3 scrolls of identify
 m - 3 scrolls of enchant armour {unknown}
 o - 2 scrolls of amnesia {unknown}
 r - 2 scrolls of enchant weapon {unknown}
 t - 6 scrolls of teleportation
 A - 2 scrolls of fear {unknown}
 B - a scroll of fog {unknown}
 C - 2 scrolls of immolation
 O - a scroll of silence {unknown}
 P - a scroll of vulnerability {unknown}
 S - 2 scrolls of brand weapon {unknown}
Potions
 f - 4 potions of curing
 q - a potion of invisibility {unknown}
 u - 2 potions of ambrosia {unknown}
 v - 5 potions of mutation
 w - a potion of resistance {unknown}
 z - 2 potions of cancellation {unknown}
 D - 2 potions of lignification
 G - a potion of heal wounds {unknown}
 M - 3 potions of haste {unknown}
 W - a potion of might {unknown}


   Skills:
 - Level 8.0(13.0) Fighting
 - Level 10.1(15.1) Short Blades
 - Level 0.8(5.8) Throwing
 - Level 0.7(5.7) Armour
 - Level 7.3(12.3) Dodging
 - Level 2.1 Spellcasting
 - Level 3.0 Translocations
 + Level 4.0 Invocations


You had 14 spell levels left.
You didn't know any spells.
Your spell library contained the following spells:

 Spells                   Type           Power      Damage    Failure   Level
 Blink                    Tloc           28%        N/A       9%          2
 Lesser Beckoning         Tloc           28%        N/A       9%          2
 Gell's Gravitas          Tloc           14%        N/A       17%         3
 Teleport Other           Tloc           14%        N/A       17%         3
 Magic Dart               Conj           8%         1d3       21%         1
 Cigotuvi's Dreadful Rot  Necr/Pois/Air  4%         N/A       30%         2
 Searing Ray              Conj           4%         2d4       30%         2
 Vhi's Electric Charge    Tloc/Air       16%        N/A       32%         3
 Manifold Assault         Tloc           14%        N/A       50%         4
 Ignite Poison            Fire/Tmut/Pois 2%         N/A       52%         3
 Mephitic Cloud           Conj/Pois/Air  2%         N/A       52%         3
 Fulminant Prism          Conj/Hex       1%         3d5       89%         4
 Freezing Cloud           Conj/Ice/Air   1%         6-21      99%         5
 Eringya's Noxious Bog    Tmut/Pois      1%         4d6       100%        6
 Call Imp                 Summ           Unusable   N/A       N/A         2
 Summon Forest            Summ/Tloc      Unusable   N/A       N/A         5
 Summon Hydra             Summ           Unusable   N/A       N/A         7

Dungeon Overview and Level Annotations

Branches:
Dungeon (8/15) Zot: 26500  Temple (1/1) D:5 Zot: 5993
   Lair: D:8-11

Altars:
Dithmenos
Gozag
Hepliaklqana
Kikubaaqudgha
Makhleb
Nemelex Xobeh
Okawaru
Ru
Sif Muna
Uskayaw
Vehumet
Wu Jian
Xom
Yredelemnul
Zin
The Shining One

Shops:
D:3 =?   D:4 *

Annotations:
D:3 3 runed translucent doors, cforsyth's ghost, weakling MeSh


Innate Abilities, Weirdness & Mutations

You have razor-sharp teeth.
Your natural rate of healing is unusually fast.
When hurt, damage is shared between your health and your magic reserves.
Your bite disrupts and absorbs the magic of your enemies.
Potions cannot restore your health.


Message History

You hit the two-headed ogre but do no damage.
The two-headed ogre looks as sick as possible!
The two-headed ogre is heavily wounded.
You feel sick.
Your +0 dagger of venom stops dripping with poison.
b - a +4 dagger (weapon)
You hit the two-headed ogre.
The two-headed ogre is heavily wounded.
You feel sick.
The two-headed ogre hits you with a +0 giant club!!
You block the two-headed ogre's attack.
You barely miss the two-headed ogre.
You bite the two-headed ogre, but do no damage.
The two-headed ogre is heavily wounded.
You hit the two-headed ogre.
You bite the two-headed ogre, but do no damage.
The two-headed ogre is severely wounded.
You feel sick.
You are no longer poisoned.
You hit the two-headed ogre. You bite the two-headed ogre. You drain its power.
You feel invigorated.
The two-headed ogre is almost dead.
The two-headed ogre misses you.
The two-headed ogre hits you with a +0 giant club!
You hit the two-headed ogre. You bite the two-headed ogre. You drain its power.
You feel invigorated.
The two-headed ogre is almost dead.
You hit the two-headed ogre.
You kill the two-headed ogre!
Okawaru is honoured by your kill.
The tengu warrior shoots a bolt.
The bolt hits you!!
* * * LOW HITPOINT WARNING * * *
The bolt burns you.
* * * LOW HITPOINT WARNING * * *
Your Invocations skill gained 3 levels and is now at level 4!
You have reached level 11!
There is an escape hatch in the floor here.
The tengu warrior shoots a bolt.
You block the bolt.
The tengu warrior shoots a bolt.
The bolt hits you!!
You die...

.... #....# #.....###.
.....###....# ###.#.....
......g#.z..# #.#...#.
#.zQ.Q..# #####.###.#.
#..####.## #.....[.).##
#.. #..# #.......#...
... ##># #.......#...
..# #####.# #.......###.
# .##....@##
#...."....).
.........#########.##.).
...........#######..'...
.....#####......#####...
..... ######.........
.... ######..## ..?.
#..#. ... ##...
#######.#.


You could see a tengu warrior and a wight.

Vanquished Creatures
  Gastronok (D:8)
  A two-headed ogre (D:8)
  5 slime creatures
  Sigmund (D:2)
  A shadow (D:5)
  2 steam dragons
  2 wyverns
  6 water moccasins
  A black bear (D:7)
  An orc warrior (D:8)
  2 ogres (D:6)
  2 centaurs
  A phantom (D:4)
  4 kobold brigands
  5 bullfrogs
  7 scorpions
  6 wights
  5 orc priests
  2 jellies
  A gnoll bouda (D:5)
  6 hounds
  3 sleepcaps (D:5)
  Jessica (D:2)
  6 iguanas
  4 orc wizards
  11 adders
  8 gnolls
  A shadow imp (D:6)
  2 white imps
  2 ufetubi
  2 worms
  A dart slug (D:1)
  27 orcs
  2 ball pythons (D:1)
  4 endoplasms
  2 giant cockroaches (D:1)
  4 goblins
  3 hobgoblins
  4 jackals (D:4)
  27 kobolds
  10 quokkas
  4 bats
  4 frilled lizards
  2 rats (D:2)
196 creatures vanquished.

Notes
Turn   | Place    | Note
-------+----------+-------------------------------------------
     0 | D:1      | lessens the Vine Stalker Warper began the quest for the
                  | Orb.
     0 | D:1      | Reached XP level 1. HP: 11/11 MP: 4/4
   142 | D:1      | Reached skill level 2 in Short Blades
   308 | D:1      | Reached XP level 2. HP: 15/15 MP: 6/6
   771 | D:1      | Reached skill level 3 in Short Blades
   990 | D:2      | Reached XP level 3. HP: 17/18 MP: 5/7
  1188 | D:2      | Noticed Sigmund
  1200 | D:2      | Killed Sigmund
  1201 | D:2      | Reached skill level 5 in Short Blades
  1201 | D:2      | Gained mutation: Your natural rate of healing is unusually
                  | fast. [Vine Stalker growth]
  1201 | D:2      | Reached XP level 4. HP: 16/23 MP: 8/8
  1201 | D:2      | Reached XP level 5. HP: 18/26 MP: 9/9
  1232 | D:2      | Noticed Jessica
  1241 | D:2      | Killed Jessica
  1242 | D:2      | Reached XP level 6. HP: 21/30 MP: 10/10
  1666 | D:2      | You fall into a shaft and drop 2 floors!
  1680 | D:4      | Found Rebil's General Store.
  1685 | D:4      | Bought a scroll of identify for 24 gold pieces
  1685 | D:4      | Bought a potion of degeneration for 12 gold pieces
  1685 | D:4      | Bought a scroll of teleportation for 36 gold pieces
  1775 | D:3      | Identified the +2 helmet of Viebiw {Int+7 Dex+3}
  1783 | D:3      | Found Foanydd's Magic Scroll Boutique.
  2030 | D:3      | Identified the amulet "Meoral" {Acrobat rC+}
  2050 | D:3      | Found Ydwyteurr's Jewellery Shoppe.
  2451 | D:3      | Found a faded altar of an unknown god.
  2602 | D:3      | Reached skill level 6 in Short Blades
  2888 | D:3      | Identified the +2 scale mail of Woat {*Corrode rN++}
  2889 | D:3      | Found a runed translucent gate.
  2889 | D:3      | Noticed cforsyth's ghost (weakling MeSh)
  2890 | D:3      | Found a runed translucent gate.
  2895 | D:3      | Found a runed translucent gate.
  3785 | D:4      | Found a sacrificial altar of Ru.
  3828 | D:4      | Reached XP level 7. HP: 14/34 MP: 5/11
  3831 | D:4      | Reached skill level 7 in Short Blades
  3998 | D:4      | Identified the +0 scale mail of Valour {Harm rPois Slay+3}
  4046 | D:5      | Entered Level 5 of the Dungeon
  4175 | D:5      | Reached skill level 8 in Short Blades
  4261 | D:4      | Gained mutation: You have razor-sharp teeth. [Vine Stalker
                  | growth]
  4261 | D:4      | Reached XP level 8. HP: 32/38 MP: 12/12
  4377 | D:5      | Found a burning altar of Makhleb.
  4486 | D:5      | Noticed a shadow
  4497 | D:5      | Killed a shadow
  4498 | D:5      | Reached skill level 9 in Short Blades
  4708 | D:5      | Reached skill level 10 in Short Blades
  4891 | D:5      | Reached XP level 9. HP: 41/43 MP: 13/13
  5375 | D:5      | Found a staircase to the Ecumenical Temple.
  5383 | Temple   | Entered the Ecumenical Temple
  5386 | Temple   | Became a worshipper of Warmaster Okawaru
  5691 | D:6      | Identified the +0 leather armour of Gozag, Sheltering
                  | {Str-2 Dex+4}
  6053 | D:6      | Reached * piety under Okawaru
  6089 | D:6      | Reached skill level 5 in Fighting
  6221 | D:6      | Found a glowing golden altar of the Shining One.
  6478 | D:7      | Reached skill level 5 in Dodging
  6576 | D:7      | Reached XP level 10. HP: 53/53 MP: 14/14
  7133 | D:8      | Reached ** piety under Okawaru
  7433 | D:8      | Noticed Gastronok
  7458 | D:8      | Killed Gastronok
  7458 | D:8      | Reached *** piety under Okawaru
  7601 | D:8      | Noticed a two-headed ogre
  7601 | D:8      | Noticed a tengu warrior
  7619 | D:8      | Reached skill level 1 in Invocations
  7639 | D:8      | Killed a two-headed ogre
  7640 | D:8      | Reached XP level 11. HP: 4/60 MP: 3/15
  7645 | D:8      | Shot with a bolt by a tengu warrior

Illustrated notes

Levels and vault maps discovered:
D:1:      dpeg_arrival_leaves_temple_mockup, layout_loops_ring
D:2:      layout_loops_cross, serial_rivers, chequers_serial_rivers_room_b,
          chequers_serial_rivers_room_b, chequers_serial_rivers_micro_a,
          chequers_serial_rivers_micro_a, chequers_serial_rivers_micro_c,
          chequers_serial_rivers_small_3, roderic_lattice_a,
          palyth_stone_intersect, kennysheep_nondescript, st_stairs_12,
          uniq_sigmund, uniq_jessica
D:3:      layout_loops_ring, serial_shops, nicolae_square_shop, shop,
          basic_ecumenical_altar, biasface_ghost_orc_armoury
D:4:      cheibrodos_thug_alley, layout_cave_pods, kennysheep_mini_moat,
          serial_shops, nicolae_shop_hallway_stairs,
          chequers_serial_rivers_room_b, minmay_starry_boxes
D:5:      minmay_razor_zed, layout_rooms, lemuel_tele_altar,
          minmay_temple_entry_nine_rooms, nzn_random_ring
D:6:      layout_basic, general_overflow_altar
D:7:      layout_rooms
D:8:      layout_basic, enter_bailey_7, hangedman_decor_points,
          minmay_manual_moon, uniq_gastronok, uniq_joseph
Temple:   dpeg_three_leaves_temple

Skill      XL: |  1  2  3  4  5  6  7  8  9 10 |
---------------+-------------------------------+-----
Short Blades   | 2 3 5 6 8 10 | 10.1
Fighting       | 2 5 8 |  8.0
Dodging        | 2 5 7 |  7.3
Invocations    | 4 |  4.0
Throwing       | |  0.8
Armour         | |  0.7
Spellcasting   | |  2.1
Translocations | |  3.0

Action                     |  1- 3 |  4- 6 |  7- 9 | 10-12 || total
---------------------------+-------+-------+-------+-------++-------
  Melee: Short sword       |    43 |       |       |       ||    43
         Bite              |    24 |    39 |   184 |    99 ||   346
         Punch             |     1 |       |       |       ||     1
         Dagger            |    33 |   127 |   486 |   236 ||   882
 Invoke: Heroism           |       |       |       |     1 ||     1
    Use: Scroll            |       |     1 |     5 |       ||     6
         Potion            |       |       |     1 |       ||     1
   Stab: Sleeping          |     1 |     2 |     1 |       ||     4
         Distracted        |       |       |     1 |       ||     1
 Armour: Leather armour    |    15 |    23 |    81 |     7 ||   126
         Steam dragon scal |       |       |       |    20 ||    20
  Dodge: Dodged            |    34 |    81 |   201 |   110 ||   426
  Block: Buckler           |     3 |    22 |    69 |    42 ||   136

Table legend: (Time is in decaauts)
 A = Elapsed time spent in this place.
 B = Non-inter-level travel time spent in this place.
 C = Inter-level travel time spent in this place.
 D = Time resting spent in this place.
 E = Time spent auto-exploring this place.
 F = Levels seen in this place.
 G = Mean time per level.
                   A        B        C        D        E       F      G
               +--------+--------+--------+--------+--------+-----+--------+
         Total |   7297 |   6859 |    438 |     17 |   5082 |   9 |  810.8 |
       Dungeon |   7290 |   6856 |    434 |     17 |   5082 |   8 |  911.2 |
        Temple |      6 |      3 |      3 |      0 |      0 |   1 |    6.0 |
               +--------+--------+--------+--------+--------+-----+--------+

Top non-repeatable levels by time:
     D:5: 1147 daAuts
     D:4: 1084 daAuts
     D:2: 1071 daAuts
     D:3: 1030 daAuts
     D:6: 940 daAuts
     D:1: 930 daAuts
     D:7: 697 daAuts
     D:8: 387 daAuts
  Temple: 6 daAuts

Levels and vault maps discovered:
D:1:      dpeg_arrival_leaves_temple_mockup, layout_loops_ring
D:2:      layout_loops_cross, serial_rivers, chequers_serial_rivers_room_b,
          chequers_serial_rivers_room_b, chequers_serial_rivers_micro_a,
          chequers_serial_rivers_micro_a, chequers_serial_rivers_micro_c,
          chequers_serial_rivers_small_3, roderic_lattice_a,
          palyth_stone_intersect, kennysheep_nondescript, st_stairs_12,
          uniq_sigmund, uniq_jessica
D:3:      layout_loops_ring, serial_shops, nicolae_square_shop, shop,
          basic_ecumenical_altar, biasface_ghost_orc_armoury
D:4:      cheibrodos_thug_alley, layout_cave_pods, kennysheep_mini_moat,
          serial_shops, nicolae_shop_hallway_stairs,
          chequers_serial_rivers_room_b, minmay_starry_boxes
D:5:      minmay_razor_zed, layout_rooms, lemuel_tele_altar,
          minmay_temple_entry_nine_rooms, nzn_random_ring
D:6:      layout_basic, general_overflow_altar
D:7:      layout_rooms
D:8:      layout_basic, enter_bailey_7, hangedman_decor_points,
          minmay_manual_moon, uniq_gastronok, uniq_joseph
Temple:   dpeg_three_leaves_temple
